 Dungeon Crawl Stone Soup version 0.29.0-7-g18a832c13a (webtiles) character file.

Game seed: 3221370037521077303

788 Iusername the Shield-Bearer (level 7, 0/61 HPs)
             Began as a Minotaur Fighter on Aug 30, 2022.
             Was an Initiate of Dithmenos.
             Slain by a gnoll
             ... wielding a +0 spear
             ... led by a gnoll sergeant
              (3 damage)
             ... on level 6 of the Dungeon.
             The game lasted 00:11:28 (9164 turns).

Iusername the Shield-Bearer (Minotaur Fighter)      Turns: 9164, Time: 00:11:29

Health: 0/61       AC:  7    Str: 23    XL:     7   Next: 56%
Magic:  6/6        EV:  9    Int:  5    God:    Dithmenos [......]
Gold:   329        SH: 10    Dex: 14    Spells: 6/6 levels left

rFire   + . .      SeeInvis .   a - +0 long sword
rCold   + . .      Faith    .   j - +0 kite shield {reflect}
rNeg    . . .      Spirit   .   b - +0 scale mail
rPois   +          Reflect  +   (helmet restricted)
rElec   .          Harm     .   h - scarf {rC+ rF+}
rCorr   .          Rampage  .   (no gloves)
Will    .....                   (no boots)
Stlth   ..........              (no amulet)
HPRegen 0.20/turn               k - ring "Jixas" {rPois Dex+5}
MPRegen 0.10/turn               (no ring)

@: no status effects
A: horns 2, retaliatory headbutt
a: Renounce Religion


You were on level 6 of the Dungeon.
You worshipped Dithmenos.
Dithmenos was noncommittal.
You visited 2 branches of the dungeon, and saw 7 of its levels.

You collected 329 gold pieces.

Inventory:

Hand Weapons
 a - a +0 long sword (weapon)
 o - a +0 spear
Armour
 b - a +0 scale mail (worn)
 c - a +0 buckler
 h - a scarf of resistance (worn)
 j - a +0 kite shield of reflection (worn)
Jewellery
 k - the ring "Jixas" (left hand) {rPois Dex+5}
   (You found it on level 1 of the Dungeon)

   [ring of poison resistance]

   Dex:       It affects your dexterity (+5).
   rPois:     It protects you from poison.
 l - a ring of magical power
Wands
 v - a wand of paralysis (6)
Scrolls
 p - a scroll of torment {unknown}
 q - a scroll of poison {unknown}
 s - a scroll of brand weapon {unknown}
 u - 2 scrolls of identify {unknown}
 z - a scroll of summoning
 A - a scroll of enchant weapon {unknown}
 D - a scroll of enchant armour {unknown}
 E - a scroll of vulnerability {unknown}
Potions
 d - a potion of lignification {unknown}
 g - 3 potions of attraction {unknown}
 m - a potion of invisibility {unknown}
 r - a potion of haste {unknown}
 t - a potion of flight {unknown}
 w - 2 potions of berserk rage {unknown}
 x - a potion of heal wounds {unknown}
 B - a potion of cancellation {unknown}
 C - a potion of degeneration {unknown}


   Skills:
 + Level 5.2 Fighting
 + Level 4.7 Long Blades
 + Level 6.4 Armour
 + Level 2.2 Dodging
 + Level 0.2 Stealth
 * Level 6.9 Shields


You had 6 spell levels left.
You didn't know any spells.
Your spell library contained the following spells:

 Spells                   Type           Power      Damage    Failure   Level
 Beastly Appendage        Tmut           0%         N/A       97%         1
 Sublimation of Blood     Necr           0%         N/A       99%         2
 Wereblood                Tmut           0%         N/A       99%         2
 Gell's Gravitas          Tloc           0%         N/A       100%        3
 Lesser Beckoning         Tloc           0%         N/A       100%        3
 Spider Form              Tmut/Pois      0%         N/A       100%        3
 Teleport Other           Tloc           0%         N/A       100%        3
 Alistair's Intoxication  Tmut/Pois      0%         N/A       100%        5
 Borgnjor's Vile Clutch   Necr/Erth      0%         N/A       100%        5
 Eringya's Noxious Bog    Tmut/Pois      0%         N/A       100%        6
 Summon Hydra             Summ           0%         N/A       100%        7


Dungeon Overview and Level Annotations

Branches:
Dungeon (6/15)             Temple (1/1) D:4

Altars:
Ashenzari
Cheibriados
Dithmenos
Elyvilon
Gozag
Hepliaklqana
Kikubaaqudgha
Makhleb
Nemelex Xobeh
Ru
Sif Muna
Trog
Uskayaw
Vehumet
Xom
Zin
The Shining One

Annotations:
D:5 2 transporters, zenocrate's ghost, novice OpTm
D:6 1 transporter


Innate Abilities, Weirdness & Mutations

You have a pair of horns on your head.
You reflexively headbutt those who attack you in melee.


Message History

The gnoll sergeant hits you with a +0 spear of venom.
* * * LOW HITPOINT WARNING * * *
You barely miss the gnoll sergeant.
The gnoll sergeant is almost dead.
The gnoll misses you. You furiously retaliate!
You headbutt the gnoll, but do no damage.
The gnoll sergeant hits you with a +0 spear of venom!
* * * LOW HITPOINT WARNING * * *
You are lethally poisoned!
You block the gnoll sergeant's attack. The gnoll hits you with a +0 spear.
* * * LOW HITPOINT WARNING * * *
You feel better. The gnoll hits you with a +0 spear.
* * * LOW HITPOINT WARNING * * *
The gnoll sergeant barely misses you.
You closely miss the gnoll sergeant. You headbutt the gnoll sergeant.
The gnoll sergeant is almost dead.
The gnoll hits you but does no damage. You block the gnoll sergeant's attack.
You hit the gnoll sergeant.
The gnoll sergeant is almost dead.
The gnoll sergeant hits you with a +0 spear of venom!
* * * LOW HITPOINT WARNING * * *
The gnoll closely misses you.
You slash the gnoll sergeant!
You kill the gnoll sergeant!
Dithmenos accepts your kill. The gnoll hits you with a +0 spear.
* * * LOW HITPOINT WARNING * * *
The gnoll hits you with a +0 spear.
* * * LOW HITPOINT WARNING * * *
The gnoll hits you but does no damage.
You hit the gnoll but do no damage. You headbutt the gnoll!
The gnoll is heavily wounded.
You block the gnoll's attack.
You hit the gnoll but do no damage.
The gnoll is heavily wounded.
The gnoll misses you.
You barely miss the gnoll. You headbutt the gnoll.
The gnoll is severely wounded.
The gnoll hits you with a +0 spear.
You die...

........##.....#####<###
........#......# ###...#
<..............###....##
#.......###....#..#..##
.##..)....###......#...#
...........# ##....##...#
#..........## #..#.###..#
###.......))###..#.....###
#......#@.#.#>...###...#
........#g.<..........###
........###)...##..#..##
......!## ###.###.#####
...#.# ### ### .##.


You could see a gnoll.

Vanquished Creatures
  An ogre (D:5)
  A centaur (D:6)
  A gnoll sergeant (D:6)
  A howler monkey (D:3)
  A jelly (D:5)
  An orc priest (D:5)
  4 hounds
  Jessica (D:2)
  An iguana (D:4)
  4 adders
  16 gnolls
  3 white imps (D:5)
  A worm (D:2)
  2 dart slugs
  7 orcs
  4 ball pythons
  7 endoplasms
  A giant cockroach (D:3)
  3 goblins
  5 hobgoblins
  6 kobolds
  7 quokkas
  7 bats
  4 frilled lizards
  4 rats
93 creatures vanquished.

Vanquished Creatures (others)
  4 plants (D:3)
4 creatures vanquished.

Grand Total: 97 creatures vanquished

Notes
Turn   | Place    | Note
-------+----------+-------------------------------------------
     0 | D:1      | Iusername the Minotaur Fighter began the quest for the Orb.
     0 | D:1      | Reached XP level 1. HP: 19/19 MP: 0/0
   368 | D:1      | Reached XP level 2. HP: 16/27 MP: 1/1
  1426 | D:1      | Found a faded altar of an unknown god.
  1663 | D:1      | Identified the ring "Jixas" {rPois Dex+5}
  1846 | D:2      | Reached XP level 3. HP: 25/33 MP: 2/2
  2259 | D:2      | Noticed Jessica
  2269 | D:2      | Killed Jessica
  2271 | D:2      | Reached skill level 1 in Dodging
  2271 | D:2      | Reached XP level 4. HP: 16/40 MP: 3/3
  3256 | D:2      | Reached skill level 5 in Shields
  3256 | D:2      | Reached XP level 5. HP: 27/46 MP: 4/4
  4363 | D:3      | Reached skill level 5 in Armour
  4801 | D:4      | Found a staircase to the Ecumenical Temple.
  4816 | D:4      | Found a sand-covered staircase.
  5249 | Temple   | Entered the Ecumenical Temple
  5301 | Temple   | Became a worshipper of Dithmenos the Shadowed
  5349 | D:5      | Entered Level 5 of the Dungeon
  5353 | D:5      | Reached XP level 6. HP: 53/53 MP: 5/5
  6199 | D:5      | Found a hazy altar of Hepliaklqana.
  6593 | D:5      | Found a transporter.
  6601 | D:5      | Reached skill level 5 in Fighting
  6933 | D:5      | Found a transporter.
  6933 | D:5      | Noticed zenocrate's ghost (novice OpTm)
  6934 | D:5      | Noticed a vampire mosquito
  7211 | D:5      | Found a radiant altar of Vehumet.
  7224 | D:5      | Reached XP level 7. HP: 7/61 MP: 6/6
  8067 | D:6      | Found a sparkling altar of Nemelex Xobeh.
  8067 | D:6      | Found a transporter.
  8067 | D:6      | Noticed a vampire
  8068 | D:6      | Noticed a wyvern
  9160 | D:6      | HP: 2/61 [gnoll/+0 spear[a gnoll sergeant] (2)]
  9164 | D:6      | Slain by a gnoll

Illustrated notes

Levels and vault maps discovered:
D:1:      nzn_arrival_depleted_hourglass, layout_rooms,
          dreamdust_ecumenical_altar_angels_and_demons, dk_noncrumbling_4
D:2:      layout_basic, uniq_jessica
D:3:      layout_rooms, serial_bayou, serial_bayou_shore_a, serial_bayou_pond_c,
          serial_bayou_crossing, serial_bayou_pond_e, feat_on_display
D:4:      layout_basic, minmay_temple_entry_statues,
          nicolae_ossuary_entry_false_entrances
D:5:      layout_gridville, nicolae_vehumet_altar_sigil, general_overflow_altar,
          gammafunk_ghost_arena
D:6:      layout_cave_pools, grunt_nemelex_the_gamble, grunt_qazlal_clouds
Temple:   zaba_magenta_temple

Skill      XL: |  1  2  3  4  5  6  7 |
---------------+----------------------+-----
Armour         | 4 5 6 |  6.4
Fighting       | 4 5 |  5.2
Shields        | 4 5 6 |  6.9
Long Blades    | 3 4 |  4.7
Dodging        | 1 2 |  2.2
Stealth        | |  0.2

Action                   |  1- 3 |  4- 6 |  7- 9 || total
-------------------------+-------+-------+-------++-------
Melee: Long sword        |    85 |   174 |    35 ||   294
       Headbutt          |     8 |    33 |    15 ||    56
  Use: Potion            |       |     1 |     3 ||     4
       Scroll            |       |       |     5 ||     5
Armor: Scale mail        |    52 |    61 |    21 ||   134
Dodge: Dodged            |    44 |    60 |    29 ||   133
Block: Buckler           |    21 |       |       ||    21
       Kite shield       |    14 |   119 |    44 ||   177
       Reflection        |       |     1 |     4 ||     5
